 Dungeon Crawl Stone Soup version 0.21.0-3-g78d12a8 (console) character file.

37 ahub the Sneak (level 3, 0/16 HPs)
             Began as a Spriggan Enchanter on Jan 10, 2018.
             Killed from afar by an orc wizard (6 damage)
             ... with a puff of flame
             ... on level 3 of the Dungeon.
             The game lasted 00:03:10 (1601 turns).

ahub the Sneak (Spriggan Enchanter)                 Turns: 1601, Time: 00:03:11

Health: 0/16       AC:  2    Str:  4    XL:     3   Next: 21%
Magic:  7/8        EV: 19    Int: 16    God:
Gold:   123        SH:  0    Dex: 17    Spells: 6/7 levels left

rFire    . . .     SeeInvis +   a - +1 dagger
rCold    . . .     Gourm    .   (shield restricted)
rNeg     . . .     Faith    .   b - +0 robe
rPois    .         Spirit   .   (helmet restricted)
rElec    .         Reflect  .   (no cloak)
rCorr    .         Harm     .   (gloves unavailable)
MR       .....                  (boots unavailable)
Stlth    +++.......             (no amulet)
HPRegen  0.05/turn              (no ring)
MPRegen  0.11/turn              (no ring)

@: very quick
A: very small, unfitting armour, see invisible, herbivore, speed 3, slow
metabolism 2
a: no special abilities


You were on level 3 of the Dungeon.
You were not hungry.

You visited 1 branch of the dungeon, and saw 3 of its levels.

You collected 123 gold pieces.

Inventory:

Hand Weapons
 a - a +1 dagger (weapon)
Armour
 b - a +0 robe (worn)
Scrolls
 e - a scroll of identify {unknown}
 g - a scroll of amnesia {unknown}
 i - a scroll of noise {unknown}
 j - 4 scrolls of remove curse {unknown}
Potions
 f - 2 potions of curing {unknown}
 h - a potion of might {unknown}
 k - a potion of experience {unknown}
Books
 c - a book of Maledictions

   Spells                             Type                      Level
   a - Corona                         Hexes                        1
   b - Ensorcelled Hibernation        Hexes/Ice                    2
   c - Confuse                        Hexes                        3
   d - Tukima's Dance                 Hexes                        3
   e - Dazzling Spray                 Conjuration/Hexes            3
Comestibles
 d - 2 rations


   Skills:
 + Level 1.8 Short Blades
 + Level 3.6 Dodging
 * Level 5.6 Stealth
 - Level 2.7 Spellcasting
 - Level 3.7 Hexes


You had 6 spell levels left.
You knew the following spells:

 Your Spells              Type           Power        Failure   Level  Hunger
a - Corona                Hex            ##.....      4%          1    #......


Dungeon Overview and Level Annotations

Branches:
Dungeon (3/15)

Altars:

Annotations:
D:3 Terence


Innate Abilities, Weirdness & Mutations

You are very small and have problems with some larger weapons.
You are too small for most types of armour.
You have supernaturally acute eyesight. (SInv)
You are a herbivore.
You cover ground extremely quickly.
You need consume almost no food.


Message History

You start resting.
Casting: Corona
Confirm with . or Enter, or press ? or * to list all spells.
Aiming: Corona
Press: ? - help, Shift-Dir - straight line, f - orc wizard
Aim: an orc wizard, wielding a dagger, wearing a robe and wearing a blackened filigree amulet (chance to defeat MR: 50%)
The orc wizard is outlined in light.
You hit the orc wizard but do no damage.
The orc wizard hits you with a dagger.
You hit the orc wizard.
The orc wizard is lightly wounded.
The orc wizard closely misses you.
You hit the orc wizard but do no damage.
The orc wizard is lightly wounded.
The orc wizard hits you with a dagger.
You completely miss the orc wizard.
The orc wizard is lightly wounded.
The orc wizard points at you and mumbles some strange words.
The puff of flame hits you!
You die...

### .... ....#######
........†.#######
.<.....).........
........#.#...###
##..#..(o.+ ..# ### #.
#.#.#@# ... ......#
#..#.#o#.# #.##
......###..#.#.#.##.#.#
.......................
#....######.....##....
#.....................
#..............####..
##..........#...#
............#....#
#####.......#....# ..#
##+######...(#


You could see an orc wizard.

Vanquished Creatures
  An ooze (D:1)
  4 dart slugs
  A ball python (D:3)
  2 bats (D:1)
  A giant cockroach (D:1)
  4 goblins (D:1)
  3 hobgoblins (D:1)
  4 kobolds
  A frilled lizard (D:1)
  2 rats (D:1)
23 creatures vanquished.

Notes
Turn   | Place    | Note
-------+----------+-------------------------------------------
     0 | D:1      | ahub the Spriggan Enchanter began the quest for the Orb.
     0 | D:1      | Reached XP level 1. HP: 9/9 MP: 5/5
   388 | D:1      | Reached XP level 2. HP: 13/13 MP: 6/6
   481 | D:1      | Reached skill level 5 in Stealth
  1024 | D:1      | Reached XP level 3. HP: 16/16 MP: 8/8
  1551 | D:3      | Noticed Terence
  1601 | D:3      | Killed from afar by an orc wizard

Skill      XL: |  1  2 |
---------------+-------+-----
Stealth        | 5 |  5.6
Short Blades   | |  1.8
Dodging        | |  3.6
Spellcasting   | |  2.7
Hexes          | |  3.7

Action                   || total
-------------------------++-------
Melee: Dagger            ||   104
 Cast: Corona            ||     5
 Stab: Sleeping          ||    10
Armor: Robe              ||     3
Dodge: Dodged            ||    77
